 Dungeon Crawl Stone Soup version 0.29-a0-409-gd843f3a48c (webtiles) character file.

Game seed: 9411408081707076491

15593 nedac the Unseen (level 12, -1/72 HPs)
             Began as a Kobold Gladiator on May 12, 2022.
             Was a Priest of Wu Jian.
             Succumbed to a swamp dragon's poison gas
             ... on level 1 of the Swamp on May 14, 2022.
             The game lasted 01:31:30 (12737 turns).

nedac the Unseen (Kobold Gladiator)                Turns: 12737, Time: 01:31:32

Health: -1/72      AC: 15    Str: 12    XL:     12   Next: 59%
Magic:  12/12      EV: 25    Int: 15    God:    Wu Jian [***...]
Gold:   729        SH:  2    Dex: 29    Spells: 8/11 levels left

rFire   . . .      SeeInvis .   D - +3 dagger (venom)
rCold   x . .      Faith    .   A - -6 buckler of Beauty {rC- Int+6 Dex+2}
rNeg    . . .      Spirit   .   X - +2 troll leather armour {Pargi}
rPois   .          Reflect  .   c - +0 helmet
rElec   .          Harm     .   V - +2 cloak {Stlth+}
rCorr   .          Rampage  .   p - +0 pair of gloves
Will    .....                   (no boots)
Stlth   +++++++++.              F - amulet of the acrobat
HPRegen 1.02/turn               M - +6 ring of dexterity
MPRegen 0.13/turn               W - +4 ring of protection

@: lethally poisoned (-1 -> -13), invisible
A: small, no large weapons, nightstalker 3
a: Renounce Religion, Wall Jump, Serpent's Lash


You were on level 1 of the Swamp.
You worshipped Wu Jian.
Wu Jian was most pleased with you.
You visited 4 branches of the dungeon, and saw 13 of its levels.
You also visited: Sewer.

You collected 871 gold pieces.
You spent 142 gold pieces at shops.

Inventory:

Hand Weapons
 a - a +0 short sword of venom
 i - a +1 spectral giant club
 l - a +0 spear of venom
 o - a +3 dire flail of draining
 D - a +3 dagger of venom (weapon)
 I - the +9 staff of Olgreb {rPois∞}
   (You found it on level 9 of the Dungeon)

   If the wielder is skilled in Evocations, they can envenom those struck by it,
   dealing poison damage which bypasses armour.
   It enhances your poison magic.
   It grants immunity to poison.
   It can be activated via the 'a'bility menu to radiate toxic energy, with
   effectiveness depending on Evocations skill.
 J - a +3 hunting sling
 K - a +2 dagger of venom
 O - a +2 quarterstaff of chaos
 Y - a +1 whip of freezing
Missiles
 d - 6 datura-tipped darts
 e - 6 boomerangs
 k - 402 stones (quivered)
 x - 22 poisoned darts
 N - 3 throwing nets
Armour
 b - a +1 chain mail of willpower
 c - a +0 helmet (worn)
 p - a +0 pair of gloves (worn)
 u - a +1 ring mail of poison resistance
 A - the -6 buckler of Beauty (worn) {rC- Int+6 Dex+2}
   (You found it on level 2 of the Dungeon)

   Int:       It affects your intelligence (+6).
   Dex:       It affects your dexterity (+2).
   rC:        It makes you vulnerable to cold.
 V - a +2 cloak of stealth (worn)
 X - a +2 troll leather armour (worn) {Pargi}
Magical Staves
 j - a staff of cold
 t - a staff of earth
Jewellery
 E - a +6 ring of strength
 F - an amulet of the acrobat (around neck)
 L - a +4 ring of protection
 M - a +6 ring of dexterity (left hand)
 W - a +4 ring of protection (right hand)
Wands
 h - a wand of acid (10)
 q - a wand of polymorph (12)
 B - a wand of mindburst (27)
 C - a wand of paralysis (5)
 G - a wand of charming (5)
Scrolls
 g - a scroll of identify
 m - 2 scrolls of fog
 w - 6 scrolls of teleportation
 T - 3 scrolls of amnesia
Potions
 f - 3 potions of attraction {unknown}
 n - a potion of cancellation {unknown}
 s - 2 potions of mutation {unknown}
 z - a potion of lignification {unknown}
 H - 2 potions of brilliance {unknown}
 R - 2 potions of haste
 U - a potion of might
 Z - 2 potions of magic
Miscellaneous
 r - a piece from Xom's chessboard (15/15)
 y - a condenser vane
 S - a lightning rod (3/4)


   Skills:
 * Level 7.6 Fighting
 * Level 11.1 Short Blades
 - Level 3.4 Throwing
 * Level 10.6 Dodging
 * Level 18.1 Stealth
 + Level 4.7 Shields
 + Level 0.6 Evocations


You had 8 spell levels left.
You knew the following spells:

 Your Spells              Type           Power      Damage    Failure   Level
a - Gell's Gravitas       Tloc           0%         N/A       83%         3

Your spell library contained the following spells:

 Spells                   Type           Power      Damage    Failure   Level
 Beastly Appendage        Tmut           0%         N/A       45%         1
 Wereblood                Tmut           0%         N/A       61%         2
 Lesser Beckoning         Tloc           0%         N/A       83%         3
 Spider Form              Tmut/Pois      0%         N/A       83%         3
 Teleport Other           Tloc           0%         N/A       83%         3
 Dispersal                Tloc           0%         N/A       100%        6
 Disjunction              Tloc           0%         N/A       100%        8


Dungeon Overview and Level Annotations

Branches:
Dungeon (9/15)             Temple (1/1) D:7            Lair (2/6) D:9
  Swamp (1/4) Lair:2        Sewer (visited)
  Snake: Lair:2-4    Spider: Lair:2-4       Orc: D:9-12

Altars:
Ashenzari
Cheibriados
Elyvilon
Gozag
Hepliaklqana
Kikubaaqudgha
Makhleb
Nemelex Xobeh
Okawaru
Qazlal
Ru
Sif Muna
Trog
Uskayaw
Vehumet
Wu Jian
Xom
Yredelemnul
Zin
The Shining One

Shops:
D:6 ?


Innate Abilities, Weirdness & Mutations

You are small and have problems with some larger weapons.
You are completely attuned to the shadows.


Message History

You are more poisoned.
You feel extremely sick.
You feel extremely sick.
The swamp dragon breathes poison at you.
The blast of poison engulfs you!
You are more poisoned.
* * * LOW HITPOINT WARNING * * *
You feel much better.
You are engulfed in poison gas.
You are more poisoned.
* * * LOW HITPOINT WARNING * * *
You feel extremely sick. The swamp dragon completely misses you.
The swamp dragon barely misses you. The swamp dragon tramples you.
* * * LOW HITPOINT WARNING * * *
You hold your ground!
Aiming: Charm
Press: ? - help, Q - select action, (/) - cycle Shift-Dir - straight line, p - swamp dragon
Okay, then.
Aiming: Paralyse
Press: ? - help, Q - select action, (/) - cycle Shift-Dir - straight line, f/p - swamp dragon
Aim: a swamp dragon (severely wounded, very poisoned, catching its breath, chance to affect: 32%)
Okay, then.
Aiming: Corrosive Bolt
Press: ? - help, Q - select action, (/) - cycle Shift-Dir - straight line, f/p - swamp dragon
Aim: a swamp dragon (severely wounded, very poisoned, catching its breath, 83% to hit)
Okay, then.
You feel better.
You are engulfed in poison gas.
You are poisoned.
* * * LOW HITPOINT WARNING * * *
You feel very sick. The swamp dragon closely misses you.
The swamp dragon misses you. The swamp dragon closely misses you.
You fade into invisibility!
You are lethally poisoned!
* * * LOW HITPOINT WARNING * * *
x2 You feel very sick.
The swamp dragon bites you but does no damage.
The swamp dragon misses you. The swamp dragon closely misses you.
You fade further into invisibility.
You die...

♣.≈§.♣♣♣...♣
♣.≈≈<♣♣..≈.♣
♣...♣♣♣≈≈≈.♣
♣...♣♣≈≈≈..♣
♣..(...≈..^♣
≈≈≈≈≈.≈≈.☼○§♣
≈§§≈.....○°°♣
....≈≈≈≈≈≈○♣♣
≈≈≈≈≈≈♣.≈D@♣
≈..≈♣♣..≈☼♣
..≈ ♣♣♣♣♣♣


You could see a swamp dragon (can't see you, very poisoned, catching breath).

Vanquished Creatures
  The ghost of spiderkeys the Nimble, a journeyman SpAK of Lugonu (Lair:2)
  Pikel (D:8)
  A wolf spider (D:9)
  Maurice (D:9)
  5 black mambas
  7 cane toads
  3 komodo dragons (Lair:1)
  5 hornets
  Prince Ribbit (D:8)
  A hydra skeleton (Lair:2)
  A dancing weapon (D:8)
  5 blink frogs (Lair:1)
  A wyvern (D:7)
  5 yaks (Lair:2)
  A steam dragon (D:8)
  Grum (D:8)
  3 redbacks (D:9)
  Edmund (D:6)
  5 water moccasins
  Pargi (D:4)
  2 orc warriors (D:7)
  3 ice beasts
  2 sky beasts
  2 black bears
  9 wolves
  An ogre (D:7)
  A centaur (D:7)
  A phantom (D:4)
  2 kobold brigands
  8 bullfrogs
  A gnoll sergeant (D:9)
  2 scorpions
  3 wights (D:6)
  7 killer bees (D:9)
  2 electric eels
  3 howler monkeys (D:8)
  4 jellies
  Crazy Yiuf (D:4)
  4 orc priests
  A gnoll shaman (D:6)
  5 hounds
  2 iguanas (D:4)
  13 orc wizards
  10 gnolls
  17 adders
  2 shadow imps
  2 white imps
  2 ufetubi
  2 worms
  2 dart slugs
  38 orcs
  14 bats
  6 endoplasms
  7 giant cockroaches
  11 goblins
  4 hobgoblins
  2 jackals (D:1)
  5 quokkas
  9 ball pythons
  5 frilled lizards
  29 kobolds
  7 rats
303 creatures vanquished.

Vanquished Creatures (collateral kills)
  4 dancing weapons (D:8)
  A redback (D:9)
5 creatures vanquished.

Vanquished Creatures (others)
  2 wolf spiders (D:9)
  4 fungi
  3 plants
9 creatures vanquished.

Grand Total: 317 creatures vanquished

Notes
Turn   | Place    | Note
-------+----------+-------------------------------------------
     0 | D:1      | nedac the Kobold Gladiator began the quest for the Orb.
     0 | D:1      | Reached XP level 1. HP: 12/12 MP: 1/1
   212 | D:1      | Reached XP level 2. HP: 17/17 MP: 2/2
   354 | D:1      | Reached skill level 1 in Stealth
   525 | D:1      | Reached XP level 3. HP: 21/21 MP: 3/3
   918 | D:1      | Found a faded altar of an unknown god.
  1398 | D:2      | Identified the -6 buckler of Beauty {rC- Int+6 Dex+2}
  1515 | D:2      | Reached XP level 4. HP: 27/27 MP: 4/4
  1608 | D:2      | Reached skill level 5 in Short Blades
  1753 | D:2      | Reached skill level 2 in Stealth
  1871 | D:2      | Reached XP level 5. HP: 23/31 MP: 5/5
  2772 | D:3      | Found a glowing drain.
  2788 | Sewer    | Entered a sewer
  2813 | Sewer    | Noticed a kobold brigand
  2847 | Sewer    | Reached skill level 3 in Stealth
  2864 | Sewer    | Killed a kobold brigand
  2865 | Sewer    | Reached XP level 6. HP: 17/36 MP: 6/6
  3611 | D:3      | Found a sparkling altar of Nemelex Xobeh.
  3744 | D:3      | Reached skill level 4 in Stealth
  4503 | D:4      | Noticed a black bear
  4505 | D:4      | Killed a black bear
  4506 | D:4      | Reached skill level 5 in Dodging
  4506 | D:4      | Reached skill level 5 in Stealth
  4506 | D:4      | Reached skill level 1 in Shields
  4506 | D:4      | Reached XP level 7. HP: 41/41 MP: 7/7
  4613 | D:4      | Noticed Pargi
  4626 | D:4      | Killed Pargi
  4728 | D:4      | Identified the +1 ring mail of Responsibility {rPois}
  4900 | D:4      | Reached skill level 6 in Stealth
  5311 | D:4      | Reached XP level 8. HP: 47/47 MP: 8/8
  5355 | D:4      | Reached skill level 7 in Stealth
  5433 | D:4      | Found a runed translucent door.
  5436 | D:4      | Noticed Crazy Yiuf
  5471 | D:4      | Killed Crazy Yiuf
  5583 | D:5      | Entered Level 5 of the Dungeon
  5694 | D:5      | Found a shimmering altar of Xom.
  5804 | D:5      | Found a sacrificial altar of Ru.
  5804 | D:5      | Found a radiant altar of Vehumet.
  5804 | D:5      | Found a glowing silver altar of Zin.
  6023 | D:5      | Reached skill level 8 in Stealth
  6658 | D:6      | Reached skill level 9 in Stealth
  6711 | D:6      | Learned a level 3 spell: Gell's Gravitas
  6763 | D:6      | Reached XP level 9. HP: 48/52 MP: 9/9
  6804 | D:6      | Noticed Edmund
  6808 | D:6      | Killed Edmund
  6809 | D:6      | Reached skill level 10 in Stealth
  6965 | D:6      | Found Ulih's Magic Scroll Emporium.
  6971 | D:6      | Bought a scroll of blinking for 112 gold pieces
  6971 | D:6      | Bought a scroll of identify for 30 gold pieces
  7047 | D:3      | Became a worshipper of Nemelex Xobeh the Trickster
  7538 | D:7      | Reached skill level 11 in Stealth
  7580 | D:7      | Reached skill level 5 in Fighting
  7632 | D:7      | Found a staircase to the Ecumenical Temple.
  7637 | D:7      | Noticed a hornet
  7642 | Temple   | Entered the Ecumenical Temple
  7960 | Temple   | Upgraded the game from 0.29-a0-398-ge13fd1374b to
                  | 0.29-a0-409-gd843f3a48c
  7987 | Temple   | Fell from the grace of Nemelex Xobeh
  7987 | Temple   | Became a worshipper of the Wu Jian Council
  8108 | D:7      | Killed a hornet
  8109 | D:7      | Reached XP level 10. HP: 59/59 MP: 10/10
  8486 | D:7      | Found a stormy altar of Qazlal.
  8496 | D:7      | Found a burning altar of Makhleb.
  8496 | D:7      | Found a hide-covered altar of Uskayaw.
  8497 | D:7      | Found a basalt altar of Yredelemnul.
  8512 | D:7      | Found a bloodstained altar of Trog.
  8825 | D:7      | Reached skill level 12 in Stealth
  9040 | D:8      | Found a hazy altar of Hepliaklqana.
  9186 | D:8      | Noticed Grum
  9224 | D:8      | Killed Grum
  9247 | D:8      | Noticed Pikel
  9279 | D:8      | Killed Pikel
  9280 | D:8      | Reached skill level 13 in Stealth
  9427 | D:8      | HP: 1/60 [+3 quarterstaff of speed[the rancor of the Wu
                  | Jian Council] (17)]
  9439 | D:8      | Noticed Prince Ribbit
  9460 | D:8      | Killed Prince Ribbit
 10132 | D:9      | Noticed Maurice
 10136 | D:9      | Killed Maurice
 10179 | D:9      | Noticed a black mamba
 10181 | D:9      | Found a runed translucent door.
 10181 | D:9      | Noticed a black mamba
 10189 | D:9      | Found the +9 staff of Olgreb {rPois∞}
 10215 | D:9      | Reached XP level 11. HP: 63/64 MP: 11/11
 10217 | D:9      | Reached * piety under Wu Jian
 10229 | D:9      | Noticed a wolf spider
 10229 | D:9      | Noticed a wolf spider
 10230 | D:9      | Found a runed translucent door.
 10238 | D:9      | Found a runed translucent gate.
 10240 | D:9      | Found a runed translucent gate.
 10240 | D:9      | Found a runed translucent gate.
 10261 | D:9      | Reached skill level 14 in Stealth
 10276 | D:9      | Noticed a wolf spider
 10279 | D:9      | Reached skill level 10 in Short Blades
 10316 | D:9      | Reached skill level 15 in Stealth
 10323 | D:9      | Killed a wolf spider
 10558 | D:9      | Found a staircase to the Lair.
 10569 | D:9      | Reached ** piety under Wu Jian
 10597 | Lair:1   | Entered Level 1 of the Lair of Beasts
 10666 | Lair:1   | Reached skill level 16 in Stealth
 10939 | Lair:1   | Reached XP level 12. HP: 66/72 MP: 12/12
 11693 | Lair:2   | Reached skill level 10 in Dodging
 11693 | Lair:2   | Reached skill level 17 in Stealth
 11698 | Lair:2   | Found a runed translucent door.
 11701 | Lair:2   | Noticed spiderkeys's ghost (journeyman SpAK)
 11875 | Lair:2   | Killed spiderkeys's ghost
 12678 | Lair:2   | Reached skill level 18 in Stealth
 12686 | Lair:2   | Found a staircase to the Swamp.
 12697 | Lair:2   | Reached *** piety under Wu Jian
 12706 | Swamp:1  | Entered Level 1 of the Swamp
 12716 | Swamp:1  | Noticed a swamp dragon
 12736 | Swamp:1  | HP: 2/72 [poisoned by a swamp dragon (poison gas)]
 12737 | Swamp:1  | Succumbed to a swamp dragon's poison gas

Illustrated notes

Levels and vault maps discovered:
D:1:      evilmike_arrival_rings, layout_basic, basic_ecumenical_altar
D:2:      layout_basic, grunt_decor_one_mirror
D:3:      layout_basic, general_overflow_altar, gup_sewer_entry_glass,
          chequers_arboretum
D:4:      minmay_bubble_buster, layout_rooms, minmay_misc_feat_five,
          roderic_batcave, kennysheep_dice, uniq_pargi, uniq_crazy_yiuf_cottage
D:5:      layout_basic, xom_butterflies, gammafunk_temple_overflow_claw
D:6:      layout_rooms, serial_shops, nicolae_lakefront_shop, minmay_checkerbox,
          uniq_edmund
D:7:      layout_loops_cross, chequers_temple_overflow_minitemple, temple_pool_b
D:8:      layout_loops_cross, mainiacjoe_overflow_catwalk, uniq_prince_ribbit1,
          uniq_grum, uniq_pikel
D:9:      layout_loops_corners, lair_entry_dummy,
          minmay_guarded_unrand_staff_of_olgreb, uniq_amaemon, uniq_maurice
Temple:   compressed_dpeg_triangle_lava_temple
Lair:1:   layout_regular_city, st_stairs_5, evilmike_ambush
          [evilmike_ambush_outer_basic, evilmike_ambush_inner_basic],
          lemuel_fruit_fields, grunt_megastairs_4, serial_bayou_shore_a,
          lemuel_fruit_tree, infiniplex_staircase_pool
Lair:2:   layout_cave_pods, swamp_mist_pool, hellmonk_ghost_happy_afterlife
Swamp:1:  layout_basic_swamp, hangedman_swamp_blocks

Skill      XL: |  1  2  3  4  5  6  7  8  9 10 11 12 |
---------------+-------------------------------------+-----
Dodging        | 4 5 6 7 8 9 10 | 10.6
Stealth        | 1 2 3 5 6 9 11 13 16 18 | 18.1
Short Blades   | 5 6 7 8 9 10 11 | 11.1
Fighting       | 3 4 5 6 7 |  7.6
Shields        | 1 2 3 4 |  4.7
Throwing       | 3 |  3.4
Evocations     | |  0.6

Action                   |  1- 3 |  4- 6 |  7- 9 | 10-12 || total
-------------------------+-------+-------+-------+-------++-------
Melee: Rapier            |    61 |    36 |       |       ||    97
       Punch             |     1 |       |       |       ||     1
       Dagger            |       |   108 |   345 |   605 ||  1058
Throw: Throwing net      |       |     3 |     1 |       ||     4
       Boomerang         |       |     2 |       |     7 ||     9
       Stone             |       |       |       |     5 ||     5
       Dart              |       |       |       |     1 ||     1
Invok: Lunge             |       |       |     2 |    46 ||    48
       Whirlwind         |       |       |       |    14 ||    14
Evoke: Wand              |       |       |     1 |     5 ||     6
       Lightning rod     |       |       |       |     1 ||     1
  Use: Scroll            |       |     6 |    14 |     5 ||    25
       Potion            |       |     3 |     1 |    19 ||    23
 Stab: Sleeping          |     8 |    18 |    36 |    41 ||   103
       Distracted        |       |     2 |     1 |     1 ||     4
       Paralysed         |       |       |     1 |     1 ||     2
       Invisible         |       |       |       |    19 ||    19
Armor: Leather armour    |    12 |    34 |    10 |       ||    56
       Troll leather arm |       |       |    89 |   116 ||   205
Dodge: Dodged            |    47 |   133 |   251 |   418 ||   849
Block: Buckler           |       |       |       |    35 ||    35

Table legend: (Time is in decaauts)
 A = Elapsed time spent in this place.
 B = Non-inter-level travel time spent in this place.
 C = Inter-level travel time spent in this place.
 D = Time resting spent in this place.
 E = Time spent auto-exploring this place.
 F = Levels seen in this place.
 G = Mean time per level.
                   A        B        C        D        E       F      G
               +--------+--------+--------+--------+--------+-----+--------+
         Total |  12374 |   9611 |   2763 |      0 |   6855 |  14 |  883.9 |
       Dungeon |   9460 |   7086 |   2374 |      0 |   5203 |   9 | 1051.1 |
        Temple |    361 |    213 |    148 |      0 |    202 |   1 |  361.0 |
          Lair |   1995 |   1759 |    236 |      0 |   1237 |   2 |  997.5 |
         Swamp |     31 |     27 |      4 |      0 |      3 |   1 |   31.0 |
         Sewer |    525 |    525 |      0 |      0 |    209 |   1 |  525.0 |
               +--------+--------+--------+--------+--------+-----+--------+

Top non-repeatable levels by time:
     D:3: 1546 daAuts
     D:1: 1278 daAuts
     D:2: 1236 daAuts
     D:7: 1152 daAuts
     D:4: 1093 daAuts
     D:8: 1053 daAuts
  Lair:1: 1051 daAuts
  Lair:2: 944 daAuts
     D:5: 901 daAuts
     D:6: 759 daAuts
   Sewer: 525 daAuts
     D:9: 439 daAuts
  Temple: 361 daAuts
 Swamp:1: 31 daAuts
